 Dungeon Crawl Stone Soup version 0.29-a0-982-gaed3a0c8d8 (webtiles) character file.

Game seed: 831291015597233880

6732 MisterAzrael the Cleaver (level 11, -7/100 HPs)
             Began as a Hill Orc Fighter on Aug 1, 2022.
             Was an Elder of Okawaru.
             Mangled by a komodo dragon (8 damage)
             ... on level 11 of the Dungeon.
             The game lasted 00:09:41 (11674 turns).

MisterAzrael the Cleaver (Hill Orc Fighter)        Turns: 11674, Time: 00:09:41

Health: -7/100     AC: 11    Str: 24    XL:     11   Next: 4%
Magic:  15/15      EV:  6    Int:  8    God:    Okawaru [****..]
Gold:   559        SH:  9    Dex: 10    Spells: 10/10 levels left

rFire   . . .      SeeInvis .   y - +2 war axe (venom)
rCold   . . .      Faith    .   c - +0 buckler
rNeg    . . .      Spirit   .   i - +0 plate armour
rPois   .          Reflect  +   (no helmet)
rElec   .          Harm     .   (no cloak)
rCorr   .          Rampage  .   (no gloves)
Will    .....                   (no boots)
Stlth   ..........              j - amulet of reflection
HPRegen 0.26/turn               o - ring of wizardry
MPRegen 0.14/turn               (no ring)

@: mighty
A: no striking features
a: Renounce Religion, Heroism, Finesse


You were on level 11 of the Dungeon.
You worshipped Okawaru.
Okawaru was greatly pleased with you.
You visited 2 branches of the dungeon, and saw 12 of its levels.
You also visited: Ossuary.

You collected 559 gold pieces.

Inventory:

Hand Weapons
 a - a +0 war axe
 w - a +0 great sword
 y - a +2 war axe of venom (weapon)
Missiles
 h - 12 boomerangs (quivered)
 J - 3 javelins
 N - 4 atropa-tipped darts
Armour
 b - a +0 scale mail
 c - a +0 buckler (worn)
 i - a +0 plate armour (worn)
 B - a +0 pair of gloves
Jewellery
 j - an amulet of reflection (around neck)
 o - a ring of wizardry (left hand)
Wands
 p - a wand of digging (5)
 x - a wand of mindburst (24)
 C - a wand of flame (27)
 D - a wand of polymorph (9)
 H - a wand of roots (10)
 K - a wand of paralysis (10)
Scrolls
 g - 4 scrolls of teleportation
 k - 7 scrolls of poison {unknown}
 l - 4 scrolls of immolation
 m - 3 scrolls of vulnerability
 r - 3 scrolls of amnesia
 t - a scroll of noise
 F - a scroll of enchant armour {unknown}
 L - a scroll of acquirement {unknown}
Potions
 d - 5 potions of might
 e - 3 potions of resistance
 f - 3 potions of haste
 q - 2 potions of flight {unknown}
 u - 3 potions of berserk rage {unknown}
 v - 3 potions of magic {unknown}
 z - 2 potions of lignification {unknown}
 A - 2 potions of cancellation {unknown}
 E - 3 potions of invisibility {unknown}
 G - 2 potions of curing
 I - a potion of mutation {unknown}
 M - a potion of attraction {unknown}


   Skills:
 + Level 10.3 Fighting
 * Level 14.4 Axes
 + Level 6.9 Throwing
 - Level 3.2 Armour
 - Level 3.2 Shields
 + Level 6.5 Invocations


You had 10 spell levels left.
You didn't know any spells.
Your spell library contained the following spells:

 Spells                   Type           Power      Damage    Failure   Level
 Static Discharge         Conj/Air       0%         3-3/arc   99%         2
 Conjure Flame            Conj/Fire      0%         6-21      100%        3
 Ignite Poison            Fire/Tmut/Pois 0%         N/A       100%        3
 Dispel Undead            Necr           0%         3d6       100%        4
 Sticky Flame             Conj/Fire      0%         2d3       100%        4
 Lightning Bolt           Conj/Air       0%         1d11      100%        5
 Maxwell's Capacitive Co  Air            0%         ∞         100%        8


Dungeon Overview and Level Annotations

Branches:
Dungeon (10/15)            Temple (1/1) D:7            Lair (0/5) D:11
    Orc (0/2) D:11        Ossuary (visited)

Altars:
Ashenzari
Cheibriados
Dithmenos
Elyvilon
Fedhas
Gozag
Hepliaklqana
Kikubaaqudgha
Makhleb
Nemelex Xobeh
Okawaru
Qazlal
Ru
Sif Muna
Trog
Uskayaw
Vehumet
Wu Jian
Xom
Yredelemnul
Zin
The Shining One
Beogh

Shops:
D:10 [


Message History

Something hits you but does no damage.
The black bear bites you but does no damage.
The black bear barely misses you. You block the black bear's attack.
You slash the black bear!
The black bear is poisoned.
The black bear is heavily wounded.
You slash the fungus!
The fungus begins to die.
You slash the fungus!
The fungus begins to die.
You miss something. Something hits you but does no damage.
You slice the black bear!!
You kill the black bear!
Okawaru accepts your kill.
You slash the fungus! x2; Something completely misses you.
A boulder beetle comes into view.
Found 4 stones.
Something hits you but does no damage. Something hits you.
* * * LOW HITPOINT WARNING * * *
The komodo dragon bites you but does no damage.
You slash the komodo dragon!
The komodo dragon is poisoned.
The komodo dragon is lightly wounded.
You completely miss the fungus. You slash the plant!
The plant begins to die.
The plant is poisoned.
You miss something. You slash the fungus!
The fungus begins to die.
A nearby fungus withers and dies. x2
Something hits you.
* * * LOW HITPOINT WARNING * * *
The komodo dragon barely misses you.
You slash the komodo dragon!
The komodo dragon is heavily wounded.
You hit the plant. You barely miss the troll. You slash the fungus!
The fungus is poisoned.
Something hits you but does no damage.
The komodo dragon completely misses you.
The troll bites you but does no damage. The troll claws you!
* * * LOW HITPOINT WARNING * * *
The troll claws you!
* * * LOW HITPOINT WARNING * * *
You slice the troll!!
The troll is almost dead.
You slash the fungus! You closely miss something. You slash the komodo dragon!
The komodo dragon looks as sick as possible!
You slash the plant!
A nearby plant withers and dies.
Something hits you but does no damage. The komodo dragon bites you!
You die...

#.# #..P....P #.#
#.#..P.... #.#
#...P..... ####.####.#
#.PB...... ..........#
#.?.P...P. ####.######
##..P.P.... #.####
#.......... #....#
#...l...P.. ####.#
#.T@...P... #.#
#..P.....>..
#######>#####...P..P....
....))))).......?P.....(
.######)##....P.P.P..P..
......)))..####..P.P....
#######)#####†.....P...P
#######))....†##...P..PP
......)))..####


PP..P You could see a boulder beetle, a komodo dragon (extremely poisoned) and a
troll.

Vanquished Creatures
  A deep elf pyromancer (D:9)
  Joseph (D:9)
  2 trolls
  A wyvern (D:8)
  2 steam dragons
  7 yaks
  4 water moccasins
  7 orc warriors
  A sky beast (D:7)
  5 black bears
  A centaur (D:9)
  A phantom (D:6)
  3 kobold brigands
  An elf zombie (Ossuary)
  3 necrophages
  7 scorpions
  6 bullfrogs
  3 killer bees (D:8)
  A howler monkey (D:6)
  3 centaur zombies (Ossuary)
  A human zombie (Ossuary)
  A gnoll bouda (D:7)
  7 orc priests
  A jelly (D:4)
  3 iguanas (D:5)
  Ijyb (D:3)
  6 orc wizards
  2 mummies (Ossuary)
  3 gnolls (D:7)
  6 adders
  3 white imps
  A worm (D:3)
  4 dart slugs
  35 orcs
  8 ball pythons
  3 bats
  4 endoplasms
  2 giant cockroaches
  7 goblins
  5 hobgoblins
  4 jackals (D:4)
  20 kobolds
  4 quokkas
  5 frilled lizards
  A goblin zombie (Ossuary)
  9 hobgoblin zombies (Ossuary)
  2 jackal zombies (Ossuary)
  6 kobold zombies (Ossuary)
  11 orc zombies (Ossuary)
  5 rats
  2 rat zombies (Ossuary)
232 creatures vanquished.

Vanquished Creatures (others)
  34 fungi
  44 plants
78 creatures vanquished.

Grand Total: 310 creatures vanquished

Notes
Turn   | Place    | Note
-------+----------+-------------------------------------------
     0 | D:1      | MisterAzrael the Hill Orc Fighter began the quest for the
                  | Orb.
     0 | D:1      | Reached XP level 1. HP: 19/19 MP: 1/1
   106 | D:1      | Reached skill level 3 in Axes
   158 | D:1      | Reached XP level 2. HP: 23/27 MP: 2/2
   528 | D:1      | Found a faded altar of an unknown god.
  1014 | D:2      | Reached XP level 3. HP: 34/34 MP: 3/3
  1323 | D:2      | Reached skill level 4 in Axes
  2101 | D:3      | Reached XP level 4. HP: 41/41 MP: 4/4
  2323 | D:3      | Noticed a necrophage
  2341 | D:3      | Killed a necrophage
  2342 | D:3      | Reached skill level 5 in Fighting
  2342 | D:3      | Reached skill level 5 in Axes
  2342 | D:3      | Reached skill level 1 in Throwing
  2342 | D:3      | Reached XP level 5. HP: 31/48 MP: 5/5
  2691 | D:3      | Noticed Ijyb
  2702 | D:3      | Killed Ijyb
  3167 | D:4      | Reached XP level 6. HP: 45/56 MP: 6/6
  3275 | D:4      | Reached skill level 6 in Axes
  3658 | D:4      | Found a glowing silver altar of Zin.
  3667 | D:4      | Found a hazy altar of Hepliaklqana.
  3850 | D:4      | Reached skill level 7 in Axes
  3856 | D:4      | Reached XP level 7. HP: 16/62 MP: 7/7
  4154 | D:4      | Found a sparkling altar of Nemelex Xobeh.
  4288 | D:5      | Entered Level 5 of the Dungeon
  4832 | D:5      | Reached skill level 8 in Axes
  4945 | D:5      | Reached XP level 8. HP: 68/71 MP: 8/8
  5716 | D:6      | Reached skill level 9 in Axes
  6108 | D:6      | Reached skill level 10 in Axes
  6464 | D:6      | Reached XP level 9. HP: 69/81 MP: 9/9
  6786 | D:7      | Found an opulent altar of Gozag.
  6913 | D:7      | Found a sand-covered staircase.
  6918 | Ossuary  | Entered an ossuary
  7033 | Ossuary  | Reached skill level 11 in Axes
  7043 | Ossuary  | Reached skill level 5 in Throwing
  7345 | D:7      | Found a staircase to the Ecumenical Temple.
  7364 | Temple   | Entered the Ecumenical Temple
  7511 | Temple   | Became a worshipper of Warmaster Okawaru
  7682 | D:7      | Reached skill level 1 in Invocations
  8343 | D:8      | Reached skill level 12 in Axes
  8461 | D:8      | Reached * piety under Okawaru
  8474 | D:8      | Reached XP level 10. HP: 50/91 MP: 12/12
  9345 | D:9      | Noticed a deep elf pyromancer
  9368 | D:9      | Killed a deep elf pyromancer
  9368 | D:9      | Reached ** piety under Okawaru
  9369 | D:9      | Reached skill level 13 in Axes
  9782 | D:9      | Noticed Joseph
  9796 | D:9      | Killed Joseph
 10083 | D:9      | Reached skill level 5 in Invocations
 10095 | D:9      | Reached *** piety under Okawaru
 10879 | D:10     | Entered Level 10 of the Dungeon
 10879 | D:10     | Found Qikkalyi's Antique Armour Shop.
 11447 | D:10     | You fall into a shaft and drop 1 floor!
 11481 | D:11     | Reached skill level 10 in Fighting
 11481 | D:11     | Reached skill level 14 in Axes
 11527 | D:11     | Found a roughly hewn altar of Beogh.
 11527 | D:11     | Found a staircase to the Orcish Mines.
 11653 | D:11     | Reached XP level 11. HP: 79/100 MP: 15/15
 11654 | D:11     | Reached **** piety under Okawaru
 11659 | D:11     | Found a staircase to the Lair.
 11670 | D:11     | Noticed a boulder beetle
 11673 | D:11     | HP: 1/100 [troll (9)]
 11674 | D:11     | Mangled by a komodo dragon

Illustrated notes

Levels and vault maps discovered:
D:1:      spicycebolla_green_bress_n_ham, layout_basic,
          shapermc_ecumenical_altar_gd, minmay_misc_feat_more_columns,
          kennysheep_boxes
D:2:      layout_basic
D:3:      layout_basic, uniq_ijyb
D:4:      layout_loops_cross, amcnicky_altar_gilded, mainiacjoe_overflow_swirl
D:5:      layout_basic, grunt_ministairs_2
D:6:      layout_rooms
D:7:      layout_loops_ring, nicolae_gozag_seed_capital,
          minmay_temple_entry_drinking_statues, enter_ossuary_5
D:8:      layout_loops_ring, serial_park_tiny_2
D:9:      layout_roguey, hangedman_decor_lopped, uniq_joseph
D:10:     layout_long_grid, serial_bayou, serial_bayou_pond_c,
          serial_bayou_shore_b, serial_bayou_pond_c, serial_bayou_pond_c,
          serial_shops, shop_fountains, minivault_19, nrook_campfire
D:11:     layout_loops_ring, due_lair_maze_entry_diamond, david_orc_5,
          serial_shops, nicolae_shop_crystal
Temple:   hc_temple_tempest_star

Skill      XL: |  1  2  3  4  5  6  7  8  9 10 |
---------------+-------------------------------+-----
Axes           | 3 4 5 7 8 10 12 14 | 14.4
Fighting       | 4 5 6 7 9 10 | 10.3
Throwing       | 1 2 3 4 5 6 |  6.9
Invocations    | 3 6 |  6.5
Armour         | |  3.2
Shields        | |  3.2

Action                   |  1- 3 |  4- 6 |  7- 9 | 10-12 || total
-------------------------+-------+-------+-------+-------++-------
Melee: War axe           |    78 |   131 |   305 |   170 ||   684
Throw: Boomerang         |       |       |       |     4 ||     4
Invok: Heroism           |       |       |       |     1 ||     1
  Use: Scroll            |       |       |     9 |     2 ||    11
       Potion            |       |       |       |     8 ||     8
 Stab: Distracted        |       |       |       |     1 ||     1
Armor: Scale mail        |    18 |       |       |       ||    18
       Plate armour      |    11 |    82 |   154 |    68 ||   315
Dodge: Dodged            |    24 |    20 |    65 |    43 ||   152
Block: Buckler           |    16 |    69 |   141 |    69 ||   295
       Reflection        |       |     1 |     2 |     3 ||     6

Table legend: (Time is in decaauts)
 A = Elapsed time spent in this place.
 B = Non-inter-level travel time spent in this place.
 C = Inter-level travel time spent in this place.
 D = Time resting spent in this place.
 E = Time spent auto-exploring this place.
 F = Levels seen in this place.
 G = Mean time per level.
                   A        B        C        D        E       F      G
               +--------+--------+--------+--------+--------+-----+--------+
         Total |  11771 |  11320 |    451 |   2363 |   7389 |  13 |  905.5 |
       Dungeon |  11337 |  10902 |    435 |   2363 |   7123 |  11 | 1030.6 |
        Temple |    190 |    174 |     16 |      0 |    144 |   1 |  190.0 |
       Ossuary |    244 |    244 |      0 |      0 |    122 |   1 |  244.0 |
               +--------+--------+--------+--------+--------+-----+--------+

Top non-repeatable levels by time:
     D:9: 1621 daAuts
     D:5: 1478 daAuts
     D:3: 1419 daAuts
     D:8: 1290 daAuts
     D:4: 1215 daAuts
     D:1: 913 daAuts
     D:6: 911 daAuts
     D:2: 889 daAuts
     D:7: 826 daAuts
    D:10: 578 daAuts
 Ossuary: 244 daAuts
    D:11: 191 daAuts
  Temple: 190 daAuts
